 Dungeon Crawl Stone Soup version 0.20.0-10-g0535bb4 (webtiles) character file.

2843 vatarom the Zephyrmancer (level 9, 0/45 HPs)
             Began as a Tengu Air Elementalist on June 4, 2017.
             Was a Follower of Vehumet.
             Slain by a wyvern zombie (10 damage)
             ... on level 7 of the Dungeon.
             The game lasted 00:26:20 (9702 turns).

vatarom the Zephyrmancer (Tengu Air Elementalist)   Turns: 9702, Time: 00:26:20

Health: 0/45       AC:  3    Str: 10    XL:     9   Next: 74%
Magic:  0/18       EV: 13    Int: 19    God:    Vehumet [*.....]
Gold:   316        SH:  0    Dex: 20    Spells: 4/22 levels left

rFire    . . .     SeeInvis .   f - +4 dagger
rCold    . . .     Gourm    .   (no shield)
rNeg     . . .     Faith    .   a - +1 robe
rPois    .         Spirit   .   (helmet restricted)
rElec    .         Reflect  .   s - scarf {repulsion}
rCorr    .         Harm     .   (no gloves)
MR       .....                  (boots unavailable)
Stlth    ++........             (no amulet)
Regen    0.2/turn               i - +2 ring of strength
MPRegen  0.2/turn               p - +5 ring of dexterity

@: repel missiles
A: beak, talons 3, low mp 1, able to fly 1, sturdy frame 1
a: Fly, Renounce Religion


You were on level 7 of the Dungeon.
You worshipped Vehumet.
Vehumet was aware of your devotion.
You were hungry.

You visited 1 branch of the dungeon, and saw 7 of its levels.

You collected 316 gold pieces.

Inventory:

Hand Weapons
 f - a +4 dagger (weapon)
Armour
 a - a +1 robe (worn)
 s - a scarf of repulsion (worn)
Jewellery
 i - a +2 ring of strength (left hand)
 p - a +5 ring of dexterity (right hand)
 q - an uncursed ring of positive energy
Scrolls
 j - 2 scrolls of enchant armour
 l - 2 scrolls of identify
 m - 3 scrolls of remove curse
 o - a scroll of teleportation
 v - a scroll of magic mapping
Potions
 d - 3 potions of lignification
 e - 2 potions of agility
 g - 3 potions of curing
 r - a potion of heal wounds
Comestibles
 b - 11 chunks of flesh
 h - a royal jelly
 k - 5 meat rations


   Skills:
 - Level 2.1 Dodging
 - Level 2.0 Stealth
 - Level 7.0 Spellcasting
 + Level 9.1 Conjurations
 * Level 11.4 Air Magic


You had 4 spell levels left.
You knew the following spells:

 Your Spells              Type           Power        Failure   Level  Hunger
a - Shock                 Conj/Air       ####         1%          1    None
b - Swiftness             Chrm/Air       ####....     1%          2    None
c - Static Discharge      Conj/Air       #####...     1%          3    #......
d - Airstrike             Air            ######....   1%          4    ###....
e - Lightning Bolt        Conj/Air       #####.....   4%          5    #####..
f - Mephitic Cloud        Conj/Pois/Air  ####....     1%          3    #......


Dungeon Overview and Level Annotations

Branches:
Dungeon (7/15)
 Temple: D:4-7

Altars:
Kikubaaqudgha
Trog
Vehumet
Xom

Shops:
D:6 (


Innate Abilities, Weirdness & Mutations

You have a beak for a mouth.
You have claws for feet.
You can fly.
Your magical capacity is low. (-10% MP)
Your movements are slightly less encumbered by armour. (ER -2)


Message History

Confirm with . or Enter, or press ? or * to list all spells.
Aiming: Shock
Press: ? - help, Shift-Dir - straight line, f - wyvern zombie
Aim: a wyvern zombie (severely damaged)
The zap hits the wyvern zombie.
The wyvern zombie is severely damaged.
The wyvern zombie closely misses you.
A giant cockroach comes into view.
You hit the wyvern zombie but do no damage.
The wyvern zombie is severely damaged.
The wyvern zombie closely misses you.
You hit the wyvern zombie. Your kick misses the wyvern zombie.
The wyvern zombie is severely damaged.
The wyvern zombie bites you!
* * * LOW HITPOINT WARNING * * *
You hit the wyvern zombie but do no damage.
You peck the wyvern zombie.
The wyvern zombie is almost destroyed.
The wyvern zombie bites you!
You die...

## # ...
...c ###
Z.... ...
......#####
####### ###
....s.'(Z@#
#.....#
$.....###(#
#.....+
..... #(#
#.....#
.... #.#
#.....# ..S
#(# #()...#
..
#.###.....#
≈
#...<.....#
#####.....#
####.....#


You could see a wyvern zombie and a giant cockroach.

Vanquished Creatures
  Grinder (D:6)
  Sigmund (D:6)
  Eustachio (D:6)
  Menkaure (D:6)
  A water moccasin (D:5)
  2 ice beasts
  2 phantoms
  An orc warrior (D:6)
  5 ogres
  2 centaurs (D:7)
  A bullfrog (D:6)
  A howler monkey (D:4)
  A crimson imp (D:5)
  A jelly (D:4)
  A gnoll shaman (D:6)
  4 orc priests
  6 hounds
  A bullfrog skeleton (D:5)
  3 iguanas (D:5)
  2 orc wizards
  4 worker ants
  2 hound zombies
  2 hound skeletons (D:6)
  A howler monkey skeleton (D:4)
  11 adders
  5 gnolls (D:6)
  A shadow imp (D:6)
  An ooze (D:3)
  An adder zombie (D:5)
  An adder skeleton (D:4)
  3 worms
  4 dart slugs (D:1)
  4 leopard geckos
  18 orcs
  6 bats
  11 giant cockroaches
  4 goblins
  6 hobgoblins
  11 jackals
  A quokka (D:5)
  2 ball pythons
  A ball python skeleton (D:4)
  6 frilled lizards
  10 kobolds
  A leopard gecko zombie (D:5)
  8 rats
163 creatures vanquished.

Notes
Turn   | Place    | Note
-------+----------+-------------------------------------------
     0 | D:1      | vatarom the Tengu Air Elementalist began the quest for the Orb.
     0 | D:1      | Reached XP level 1. HP: 10/10 MP: 4/4
   453 | D:1      | Reached XP level 2. HP: 12/15 MP: 1/6
   541 | D:1      | Learned a level 2 spell: Swiftness
   986 | D:1      | Reached XP level 3. HP: 19/19 MP: 2/7
  1038 | D:1      | Learned a level 3 spell: Static Discharge
  1566 | D:2      | Reached skill level 5 in Air Magic
  1912 | D:2      | Reached XP level 4. HP: 24/24 MP: 6/8
  2275 | D:3      | Found a bloodstained altar of Trog.
  2307 | D:3      | Found an ancient bone altar of Kikubaaqudgha.
  2665 | D:3      | Found a shimmering altar of Xom.
  2837 | D:3      | Gained mutation: You can fly. [Tengu growth]
  2837 | D:3      | Reached XP level 5. HP: 9/28 MP: 5/9
  3337 | D:4      | Reached skill level 5 in Conjurations
  3522 | D:4      | Reached skill level 6 in Air Magic
  3598 | D:4      | Reached XP level 6. HP: 24/32 MP: 5/10
  4138 | D:4      | Gained mutation: Your magical capacity is low. (-10% MP) [potion of mutation]
  4138 | D:4      | Gained mutation: Your movements are slightly less encumbered by armour. (ER -2) [potion of mutation]
  4476 | D:5      | Entered Level 5 of the Dungeon
  4705 | D:5      | Reached XP level 7. HP: 33/36 MP: 8/10
  4711 | D:5      | Learned a level 4 spell: Airstrike
  4940 | D:5      | Reached skill level 7 in Air Magic
  4965 | D:5      | Got a distressingly furry chain mail
  4972 | D:5      | Identified the cursed +0 chain mail of Nucoury {rElec rPois Int+4} (You found it on level 5 of the Dungeon)
  5536 | D:5      | Reached skill level 8 in Air Magic
  5662 | D:5      | Reached XP level 8. HP: 41/41 MP: 0/12
  6564 | D:5      | Learned a level 5 spell: Lightning Bolt
  6816 | D:6      | Found a radiant altar of Vehumet.
  6858 | D:6      | Became a worshipper of Vehumet
  7211 | D:6      | Noticed Grinder
  7220 | D:6      | Noticed Eustachio
  7497 | D:6      | Found Mudo Ekh's Antique Weapon Shoppe.
  7522 | D:6      | Killed Eustachio
  7522 | D:6      | Reached skill level 5 in Spellcasting
  7522 | D:6      | Reached skill level 9 in Air Magic
  7606 | D:6      | Paralysed by Grinder for 3 turns
  7624 | D:6      | Killed Grinder
  7625 | D:6      | Reached XP level 9. HP: 45/45 MP: 2/17
  7687 | D:6      | Noticed Menkaure
  7689 | D:6      | Killed Menkaure
  8261 | D:6      | Reached skill level 10 in Air Magic
  8921 | D:6      | Noticed Sigmund
  8925 | D:6      | Killed Sigmund
  9102 | D:7      | Learned a level 3 spell: Mephitic Cloud
  9245 | D:7      | Reached * piety under Vehumet
  9245 | D:7      | Offered knowledge of Sandblast by Vehumet.
  9559 | D:7      | Reached skill level 11 in Air Magic
  9702 | D:7      | Slain by a wyvern zombie

Skill      XL: |  1  2  3  4  5  6  7  8  9 |
---------------+----------------------------+-----
Conjurations   | 2 3 4 5 7 8 9 |  9.1
Air Magic      | 5 6 8 9 11 | 11.4
Spellcasting   | 3 6 7 |  7.0
Dodging        | |  2.1
Stealth        | |  2.0

Action                   |  1- 3 |  4- 6 |  7- 9 || total
-------------------------+-------+-------+-------++-------
Melee: Unarmed           |     7 |       |       ||     7
       Kick              |     6 |    13 |    14 ||    33
       Dagger            |    23 |    59 |    58 ||   140
       Peck              |     2 |     8 |    13 ||    23
       Whip              |     5 |       |       ||     5
 Cast: Shock             |    57 |    87 |    97 ||   241
       Static Discharge  |       |     8 |     7 ||    15
       Airstrike         |       |       |    72 ||    72
       Lightning Bolt    |       |       |     5 ||     5
 Abil: Fly               |       |     1 |       ||     1
  Use: Scroll            |     6 |     4 |     8 ||    18
       Potion            |     5 |     3 |     3 ||    11
 Stab: Sleeping          |     1 |     2 |       ||     3
  Eat: Chunk             |     4 |     7 |     6 ||    17
       Bread ration      |       |     1 |     2 ||     3
       Royal jelly       |       |       |     4 ||     4
       Meat ration       |       |       |     1 ||     1
Armor: Robe              |    16 |    12 |    15 ||    43
Dodge: Dodged            |    38 |    54 |    43 ||   135
       Deflected         |       |       |     6 ||     6
